 Dungeon Crawl Stone Soup version 0.30-a0-141-g30f27751c5 (webtiles) character file.

Game seed: 8226401563304704757

561245 greasedhog the Annihilator (level 26, -6/182 HPs)
             Began as a Gargoyle Conjurer on Sept 25, 2022.
             Was the Champion of Vehumet.
             Killed from afar by an ancient lich (28 damage)
             ... with a bolt of acid
             ... on level 5 of the Realm of Zot on Sept 26, 2022.
             The game lasted 03:22:08 (85404 turns).

greasedhog the Annihilator (Gargoyle Conjurer)     Turns: 85404, Time: 03:22:08

Health: -6/182     AC: 48    Str: 14    XL:     26   Next: 65%
Magic:  19/39      EV: 14    Int: 30    God:    Vehumet [******]
Gold:   4470       SH:  9    Dex: 11    Spells: 14/58 levels left

rFire   + + +      SeeInvis +    R - staff of conjuration
rCold   + . .      Faith    .    L - +3 buckler {AC+3}
rNeg    + . .      Spirit   .    Y - +2 faerie dragon scales {rCorr Str+2 Clar}
rPois   ∞          Reflect  .    G - +2 hat
rElec   +          Harm     .    e - +2 cloak of Makhleb's Condemnation {rC+}
rCorr   +          Rampage  .    b - +0 pair of gloves of Kikubaaqudgha's Favour {rF+++}
Will    ++...      Clarity  +    N - +4 pair of boots "Wirimeff" {rPois rF+}
Stlth   +.........               F - amulet of Eternal Night {RegenMP Dex+2}
HPRegen 0.40/turn                K - ring of Efeidun {rF+ rC+ Will+ Dex+3 Stlth+}
MPRegen 0.66/turn                s - ring of see invisible

@: flying, hasted, very quick
A: sickness immunity, AC +20, big wings, negative energy resistance 1,
electricity resistance, torment resistance 1, petrification resistance, hooves
1, clumsy 1, deterioration 1, low MP 1, robust 1, cold vulnerability 1
0: Orb of Zot
}: 3/15 runes: decaying, serpentine, silver
a: Renounce Religion


You were on level 5 of the Realm of Zot.
You worshipped Vehumet.
Vehumet was exalted by your worship.
You visited 9 branches of the dungeon, and saw 45 of its levels.
You also visited: Sewer.

You collected 6947 gold pieces.
You spent 2477 gold pieces at shops.

Inventory:

Hand Weapons
 a - a +3 dagger of venom
Missiles
 n - 9 throwing nets
Armour
 b - the +0 pair of gloves of Kikubaaqudgha's Favour (worn) {rF+++}
   (You found it on level 2 of the Vaults)

   rF:        It renders you almost immune to fire.
 e - the +2 cloak of Makhleb's Condemnation (worn) {rC+}
   (You acquired it on level 3 of the Depths)

   rC:        It protects you from cold.
 G - a +2 hat (worn)
 L - a +3 buckler of protection (worn)
 N - the +4 pair of boots "Wirimeff" (worn) {rPois rF+}
   (You found it on level 15 of the Dungeon)

   rF:        It protects you from fire.
   rPois:     It protects you from poison.
 Y - the +2 faerie dragon scales (worn) {rCorr Str+2 Clar}
   (You took it off the Enchantress on level 4 of the Depths)

   Str:       It affects your strength (+2).
   Clar:      It protects you against confusion.
   rCorr:     It protects you from acid and corrosion.
Magical Staves
 R - a staff of conjuration (weapon)
Jewellery
 s - a ring of see invisible (right hand)
 z - a ring of wizardry
 F - the amulet of Eternal Night (around neck) {RegenMP Dex+2}
   (You found it on level 5 of the Vaults)

   [amulet of magic regeneration]

   It increases your rate of magic regeneration.
   Dex:       It affects your dexterity (+2).
 K - the ring of Efeidun (left hand) {rF+ rC+ Will+ Dex+3 Stlth+}
   (You found it on level 1 of the Snake Pit)

   [ring of protection from fire]

   Dex:       It affects your dexterity (+3).
   rF:        It protects you from fire.
   rC:        It protects you from cold.
   Will:      It increases your willpower.
   Stlth:     It makes you more stealthy.
 P - a ring of positive energy
 S - a ring of protection from cold
 T - a ring of resist corrosion
 Z - an amulet of magic regeneration
Wands
 f - a wand of digging (17)
 g - a wand of iceblast (69)
 i - a wand of flame (73)
 v - a wand of mindburst (24)
 y - a wand of paralysis (50)
 A - a wand of quicksilver (27)
 J - a wand of polymorph (17)
Scrolls
 d - 4 scrolls of amnesia
 h - 12 scrolls of immolation
 m - 25 scrolls of teleportation
 o - 3 scrolls of blinking
 r - 7 scrolls of poison
 u - 2 scrolls of summoning
 w - a scroll of enchant weapon
 x - 9 scrolls of vulnerability
 B - 9 scrolls of fear
 C - 2 scrolls of magic mapping
 D - 3 scrolls of torment
 E - 3 scrolls of enchant armour
 U - 8 scrolls of butterflies
Potions
 j - 2 potions of magic
 k - 9 potions of curing
 l - 14 potions of mutation
 p - 10 potions of lignification
 q - 3 potions of might
 t - 3 potions of berserk rage
 H - 6 potions of attraction
 I - 3 potions of invisibility
 O - 11 potions of brilliance
 V - 7 potions of ambrosia
 W - 2 potions of haste
 X - 3 potions of cancellation
Miscellaneous
 c - a condenser vane
 M - a phial of floods


   Skills:
 * Level 17.3 Fighting
 - Level 12.0 Staves
 - Level 15.0 Armour
 - Level 10.2 Dodging
 - Level 2.1 Stealth
 - Level 10.0 Shields
 * Level 16.5 Spellcasting
 O Level 27 Conjurations
 - Level 10.0 Hexes
 - Level 5.2 Translocations
 * Level 17.7 Air Magic
 - Level 5.0 Evocations


You had 14 spell levels left.
You knew the following spells:

 Your Spells              Type           Power      Damage    Failure   Level
a - Magic Dart            Conj           100%       1d8       0%          1
b - Chain Lightning       Conj/Air       63%        3d84      9%          9
c - Iskenderun's Battles  Conj           100%       2d15      0%          5
d - Fulminant Prism       Conj/Hex       58%        3d25      0%          4
e - Iskenderun's Mystic   Conj/Tloc      100%       2d19      1%          4
f - Cause Fear            Hex            35%        N/A       1%          4
g - Lightning Bolt        Conj/Air       63%        1d86      0%          5
h - Blink                 Tloc           100%       N/A       1%          2
i - Orb of Destruction    Conj           68%        9d16      1%          7
j - Swiftness             Air            92%        N/A       0%          3

Your spell library contained the following spells:

 Spells                   Type           Power      Damage    Failure   Level
 Maxwell's Capacitive Co  Air            46%        ∞         3%          8
 Ignition                 Fire           12%        3d6       100%        8
 Polar Vortex             Ice            12%        N/A       100%        9
 Shock                    Conj/Air       100%       1d9       0%          1
 Searing Ray              Conj           100%       2d8       0%          2
 Static Discharge         Conj/Air       100%       2-7/arc   0%          2
 Dazzling Flash           Conj/Hex       100%       N/A       0%          3
 Airstrike                Air            46%        2d(7-23)  0%          4
 Freeze                   Ice            96%        1d11      1%          1
 Sandblast                Erth           48%        2d12      1%          1
 Slow                     Hex            100%       N/A       1%          1
 Ensorcelled Hibernation  Hex/Ice        100%       N/A       1%          2
 Confusing Touch          Hex            71%        N/A       1%          3
 Gell's Gravitas          Tloc           54%        N/A       1%          3
 Inner Flame              Hex/Fire       53%        N/A       1%          3
 Lesser Beckoning         Tloc           54%        N/A       1%          3
 Portal Projectile        Hex/Tloc       100%       N/A       1%          3
 Stone Arrow              Conj/Erth      100%       3d13      1%          3
 Summon Guardian Golem    Hex/Summ       53%        N/A       1%          3
 Teleport Other           Tloc           54%        N/A       1%          3
 Hailstorm                Conj/Ice       100%       3d20      1%          4
 Sticky Flame             Conj/Fire      100%       2d11      1%          4
 Fireball                 Conj/Fire      51%        3d20      1%          5
 Freezing Cloud           Conj/Ice/Air   53%        6-21      1%          5
 Conjure Ball Lightning   Conj/Air       63%        3x3d23    1%          6
 Iron Shot                Conj/Erth      51%        9d10      1%          6
 Starburst                Conj/Fire      51%        6d14      1%          6
 Beastly Appendage        Tmut           48%        N/A       2%          1
 Frozen Ramparts          Ice            48%        1d8       2%          3
 Yara's Violent Unravell  Hex/Tmut       26%        3d11      2%          5
 Spellforged Servitor     Conj/Summ      51%        N/A       2%          7
 Leda's Liquefaction      Hex/Erth       26%        N/A       3%          4
 Passwall                 Tmut/Erth      20%        N/A       4%          2
 Wereblood                Tmut           24%        N/A       4%          2
 Call Canine Familiar     Summ           24%        N/A       9%          3
 Spider Form              Tmut/Pois      24%        N/A       9%          3
 Vampiric Draining        Necr           24%        2d7       9%          3
 Lee's Rapid Deconstruct  Erth           12%        3d9*      21%         5
 Summon Forest            Summ/Tloc      20%        N/A       26%         5
 Animate Armour           Summ/Erth      48%        N/A       28%         4
 Animate Dead             Necr           24%        N/A       28%         4
 Dispel Undead            Necr           24%        3d12      28%         4
 Enfeeble                 Hex            35%        N/A       36%         7
 Dispersal                Tloc           27%        N/A       45%         6
 Blade Hands              Tmut           12%        N/A       61%         5
 Fire Storm               Conj/Fire      51%        8d13      93%         9
 Discord                  Hex            35%        N/A       97%         8
 Death Channel            Necr           12%        N/A       99%         6
 Haunt                    Necr/Summ      12%        N/A       100%        7
 Summon Hydra             Summ           12%        N/A       100%        7
 Disjunction              Tloc           27%        N/A       100%        8
 Infestation              Necr           12%        N/A       100%        8
 Shatter                  Erth           12%        3d13*     100%        9
 Sublimation of Blood     Necr           Unusable   N/A       N/A         2
 Statue Form              Tmut/Erth      Unusable   N/A       N/A         6

Dungeon Overview and Level Annotations

Branches:
Dungeon (15/15)            Temple (1/1) D:5            Lair (5/5) D:8
  Swamp (4/4) Lair:3        Snake (4/4) Lair:2        Slime (0/5) Lair:4
    Orc (2/2) D:9             Elf (0/3) Orc:2        Vaults (5/5) D:13
  Crypt (0/3) Vaults:3     Depths (4/4) D:15            Zot (5/5) Depths:4
  Sewer (visited)

Altars:
Ashenzari
Cheibriados
Dithmenos
Elyvilon
Fedhas
Gozag
Hepliaklqana
Kikubaaqudgha
Makhleb
Nemelex Xobeh
Okawaru
Qazlal
Ru
Sif Muna
Trog
Uskayaw
Vehumet
Wu Jian
Xom
Yredelemnul
Zin
The Shining One

Shops:
D:4 !   D:14 :   Orc:2 *[*=:   Snake:3 :=:   Snake:4 :*(*   Depths:1 :

Portals:
Hell: Depths:1 Depths:2 Depths:3 Depths:4
Abyss: Depths:3 Depths:4
Pandemonium: Depths:2
Ziggurat: Depths:3
Trove: Vaults:1 (give horn of Geryon)

Annotations:
Lair:2 exclusion: oklob plant
Depths:4 2 transporters, Ryaff's ghost, adept FeVM


Innate Abilities, Weirdness & Mutations

You are immune to sickness and miasma.
Your stone body is resilient. (AC +20)
You are immune to poison.
Your large and strong wings let you fly.
You resist negative energy. (rN+)
You are resistant to electric shocks. (rElec)
You are resistant to unholy torment.
You are immune to petrification.
You have large cloven feet.
You are clumsy. (Dex -2)
Your body sometimes deteriorates upon taking damage.
Your magical capacity is low. (-10% MP)
You are robust. (+10% HP)
You are vulnerable to cold. (rC-)


Message History

The Orb Guardian hits you!
* * * LOW HITPOINT WARNING * * *
A black draconian opens the large door.
The ancient lich mumbles some strange words.
The ancient lich flickers and vanishes for a moment.
The Orb Guardian misses you.
Casting: Iskenderun's Mystic Blast (safe; 1% risk of failure)
Confirm with . or Enter, or press ? or * to list all spells.
You feel a surge of power!
You erupt in a blast of force!
The mystic blast hits the orb of fire!!
The orb of fire is moderately damaged.
The orb of fire is knocked back by the mystic blast.
The mystic blast hits the Orb Guardian.
The Orb Guardian is moderately wounded.
The Orb Guardian is knocked back by the mystic blast.
You start to feel a little faster.
The orb of fire emits a lurid red light.
The bolt of fire hits you! You resist.
* * * LOW HITPOINT WARNING * * *
The ancient lich gestures at you while chanting.
You resist with some effort.
The purple draconian shifter gestures wildly while chanting.
The purple draconian shifter blinks!
The orb of fire emits a lurid red light.
The bolt of fire misses you. The ancient lich casts a spell at you.
The bolt of acid hits you. You resist.
* * * LOW HITPOINT WARNING * * *
The Orb Guardian attacks as you move away!
The Orb Guardian completely misses you. You block the Orb Guardian's attack.
The Orb Guardian attacks as you move away!
The Orb Guardian hits you.
* * * LOW HITPOINT WARNING * * *
You no longer feel sluggish.
The sentinel's mark upon you fades away.
You see here 5 stones.
The ancient lich casts a spell at you. The bolt of acid hits you!! You resist.
You die...

### #.#### #..... ## #.#### .####
#.# ....############## #.#
.##.#............# #.#
.##.#.##########.# #.# .##.#.#
#@###########.## ..#.#.#
#(#............#
#.#.#'##########.#.#########..###
#.#........#..^#.#.#.......#..#..
#.#....###.#...#L#.......#.#....#
###....###.#.^.#X#...###.#.#.####
...........#...#*#...............
#..........#...#.........#.#.####
#..........#...#.d.......#.#.#


You could see an orb of fire, an ancient lich (fast, invisible) and an Orb
Guardian.

Vanquished Creatures
  A dread lich (Vaults:5)
  Mara (Depths:3)
  A juggernaut (Depths:3)
  4 orbs of fire
  Parghit (Depths:4)
  A Killer Klown (Zot:5)
  A curse toe (Zot:4)
  Bai Suzhen (Depths:1)
  Xtahua (Vaults:5)
  A caustic shrike (Depths:3)
  8 golden dragons
  Nikola (Swamp:1)
  the Enchantress (Depths:4)
  2 doom hounds (Depths:1)
  4 bone dragons
  3 electric golems (Zot:3)
  3 Tzitzimimeh
  2 walking crystal tomes
  Mlioglotl (Snake:3)
  16 tentacled monstrosities
  Jorgrun (Swamp:1)
  Grunn (Depths:2)
  3 liches
  9 Orb Guardians (Zot:5)
  A walking divine tome (Depths:2)
  6 titans
  6 quicksilver dragons
  Frances (D:12)
  11 death cobs
  7 sphinxes
  16 storm dragons
  9 tengu reavers
  Kirke (Lair:5)
  Agnes (Snake:4)
  2 thorn hunters (Swamp:1)
  10 shadow dragons
  8 draconian monks
  4 nagarajas
  A revenant (Vaults:3)
  8 frost giants
  11 fire giants
  A deep elf sorcerer (Vaults:4)
  5 draconian knights
  13 ironbound preservers
  An iron dragon (Depths:3)
  Louise (D:14)
  9 draconian scorchers
  25 vault wardens
  Aizul (Swamp:1)
  3 draconian stormcallers
  An orc warlord (Orc:2)
  10 draconian annihilators
  7 spriggan defenders
  22 stone giants
  4 draconian shifters
  26 very ugly things
  3 reapers
  2 war gargoyles
  7 ironbound thunderhulks
  4 vampire knights
  A putrid mouth (Depths:1)
  18 green draconians
  14 black draconians
  3 bunyips
  11 dire elephants
  9 purple draconians
  11 red draconians
  4 eleionomae
  20 yellow draconians
  9 white draconians
  12 spark wasps
  2 deep elf annihilators (Vaults:5)
  12 fire dragons
  2 deep elf death magi (Vaults:5)
  14 ettins
  2 deep elf high priests (Vaults:5)
  A shambling mangrove (Swamp:2)
  4 entropy weavers
  15 yaktaur captains
  A hell beast (Depths:2)
  12 ice dragons
  4 rakshasas
  38 vault guards
  27 hydras
  8 ironbound frosthearts
  Erolcha (D:11)
  6 great orbs of eyes
  2 salamander tyrants (Snake:4)
  4 catoblepae
  A ghost crab (Swamp:4)
  A merfolk avatar (Lair:5)
  8 spriggan air magi
  19 centaur warriors
  3 peacekeepers
  6 alligators
  An ogre mage (Vaults:5)
  6 boulder beetles
  5 deep troll shamans
  16 anacondas
  5 two-headed ogres
  2 death yaks (Lair:3)
  An alligator (shapeshifter) (Vaults:5)
  13 tengu warriors
  6 deep troll earth magi
  20 naga warriors
  A vampire mage (Depths:1)
  10 spriggan berserkers
  An orc high priest (Orc:2)
  11 shock serpents
  A sun demon (Depths:2)
  13 hell knights
  15 naga sharpshooters
  Sonja (D:11)
  6 iron trolls
  A goliath frog (shapeshifter) (Vaults:5)
  A skeletal warrior (D:13)
  6 goliath frogs
  4 salamander mystics
  45 deep trolls
  2 sea snakes (Lair:5)
  6 swamp dragons
  3 flayed ghosts
  5 spriggan druids
  3 glowing orange brains
  13 naga ritualists
  7 wizards
  14 ironbound convokers
  A steelbarb worm (shapeshifter) (D:14)
  8 harpies
  A tengu zombie (Depths:2)
  8 bog bodies
  5 phantasmal warriors
  7 necromancers
  4 deep elf pyromancers
  A stone giant zombie (Depths:2)
  3 oklob plants (Lair:4)
  A shadow dragon zombie (Depths:2)
  2 orc sorcerers
  A deep elf zephyrmancer (D:13)
  12 lindwurms
  9 orc knights
  12 mana vipers
  A fire giant zombie (Depths:2)
  2 mana vipers (shapeshifter)
  16 elephants
  10 salamanders
  35 ugly things
  6 will-o-the-wisps
  4 cyclopes
  A frost giant skeleton (Vaults:2)
  30 moths of wrath
  A moth of wrath (shapeshifter) (D:13)
  6 manticores
  11 guardian serpents
  49 black mambas
  18 vault sentinels
  4 molten gargoyles (D:12)
  3 torpor snails
  2 smoke demons (Depths:2)
  23 naga magi
  A gargoyle (D:10)
  10 cane toads
  2 eyes of devastation (Depths:3)
  10 rime drakes
  Maggie (Lair:2)
  2 unseen horrors
  6 kobold demonologists
  7 komodo dragons
  30 yaktaurs
  3 freezing wraiths
  2 tengu conjurers
  An elf skeleton (Vaults:2)
  12 trolls
  2 hellwings (Depths:2)
  A meliai (D:13)
  A wind drake (Lair:5)
  2 bloated husks (Swamp:3)
  3 polar bears
  7 tyrant leeches
  26 hornets
  A sphinx simulacrum (Depths:2)
  A dream sheep (shapeshifter) (Vaults:5)
  8 saltlings (Orc:2)
  13 blink frogs
  23 slime creatures
  An ettin skeleton (Vaults:2)
  15 dream sheep
  A snapping turtle (Lair:5)
  Sigmund (D:6)
  A culicivora (Vaults:2)
  27 spriggans
  A human (shapeshifter) (Vaults:5)
  51 yaks
  10 wyverns
  2 water elementals (Depths:3)
  Eustachio (D:5)
  3 wraiths
  A hog (shapeshifter) (Depths:4)
  6 vampire mosquitoes
  5 steam dragons
  7 hogs
  13 basilisks
  6 redbacks
  A steam dragon (shapeshifter) (Depths:4)
  4 wargs
  Menkaure (D:7)
  60 nagas
  An acid dragon (D:13)
  15 swamp worms
  17 water moccasins
  3 floating eyes
  4 ice beasts
  15 orc warriors
  8 swamp drakes
  2 black bears
  3 wolves (Lair:5)
  5 boggarts (Vaults:2)
  2 ogres (D:6)
  6 centaurs
  5 kobold brigands
  A phantom (D:4)
  2 necrophages
  7 bullfrogs
  A gnoll sergeant (D:12)
  5 scorpions
  13 killer bees
  7 electric eels
  4 howler monkeys
  2 hounds
  A lava snake (D:12)
  3 jellies
  16 orc priests
  Ijyb (D:3)
  7 hell rats (Lair:4)
  3 iguanas
  12 orc wizards
  Robin (D:2)
  12 gnolls
  10 adders
  3 river rats (Sewer)
  A white imp (Vaults:1)
  4 ufetubi
  4 worms
  4 dart slugs
  72 orcs
  13 ball pythons
  2 bats
  4 endoplasms
  A giant cockroach (D:1)
  11 goblins
  11 hobgoblins
  5 jackals
  25 kobolds
  6 frilled lizards
  5 rats
  3 pillars of salt (Orc:2)
1923 creatures vanquished.

Vanquished Creatures (others)
  An ironbound convoker (Vaults:1)
  A wizard (Vaults:2)
  An ugly thing (D:13)
  2 bloated husks (Swamp:1)
  A bush (Lair:5)
  16 foxfires
  136 fulminant prisms
  30 fungi
  18 pillars of salt (Orc:2)
  164 plants
370 creatures vanquished.

Grand Total: 2293 creatures vanquished

Notes
Turn   | Place    | Note
-------+----------+-------------------------------------------
     0 | D:1      | greasedhog the Gargoyle Conjurer began the quest for the
                  | Orb.
     0 | D:1      | Reached XP level 1. HP: 10/10 MP: 3/3
     2 | D:1      | Noticed a felid
     2 | D:1      | Noticed an ogre
     4 | D:1      | Noticed a ghoul
     4 | D:1      | Noticed an octopode
     6 | D:1      | Noticed a spriggan
     8 | D:1      | Noticed a vampire
     8 | D:1      | Noticed an elf
    10 | D:1      | Noticed a formicid
    10 | D:1      | Noticed a merfolk
    12 | D:1      | Noticed a palentonga
    12 | D:1      | Noticed a demonspawn
    14 | D:1      | Noticed a minotaur
    14 | D:1      | Noticed a draconian
    16 | D:1      | Noticed a meteoran
    18 | D:1      | Noticed a demigod
    18 | D:1      | Noticed a human
    20 | D:1      | Noticed a gargoyle
    20 | D:1      | Noticed a tengu
    22 | D:1      | Noticed a troll
    24 | D:1      | Noticed a vine stalker
    24 | D:1      | Noticed a human
    26 | D:1      | Noticed a meteoran
   441 | D:1      | Reached XP level 2. HP: 16/16 MP: 3/5
   583 | D:1      | Learned a level 2 spell: Searing Ray
   862 | D:2      | Reached skill level 1 in Fighting
   862 | D:2      | Reached XP level 3. HP: 20/20 MP: 1/6
  1034 | D:2      | Found a shimmering altar of Xom.
  1307 | D:2      | Reached skill level 5 in Conjurations
  1320 | D:2      | Noticed Robin
  1803 | D:2      | Reached XP level 4. HP: 22/25 MP: 2/8
  1844 | D:2      | Killed Robin
  2651 | D:3      | Identified the ring "Ladeulim" {Int+6 Dex+5}
  2738 | D:3      | Reached XP level 5. HP: 10/30 MP: 4/10
  2741 | D:3      | Noticed Ijyb
  3014 | D:3      | Killed Ijyb
  3393 | D:3      | Learned a level 3 spell: Dazzling Flash
  3398 | D:3      | Learned a level 4 spell: Fulminant Prism
  3552 | D:3      | Found a faded altar of an unknown god.
  4034 | D:4      | Found a glowing drain.
  4086 | Sewer    | Entered a sewer
  4100 | Sewer    | Reached XP level 6. HP: 33/36 MP: 11/11
  4177 | Sewer    | Reached skill level 6 in Conjurations
  4844 | D:4      | Found Fef Mitau's Distillery.
  4899 | D:4      | Reached XP level 7. HP: 32/41 MP: 9/13
  4985 | D:4      | Identified the +4 triple sword of Disembowelment {vorpal,
                  | Will++ Str+2}
  5189 | D:4      | Found an ancient bone altar of Kikubaaqudgha.
  5525 | D:4      | Reached skill level 7 in Conjurations
  5696 | D:4      | Reached skill level 5 in Spellcasting
  5698 | D:4      | Reached skill level 1 in Hexes
  5983 | D:5      | Entered Level 5 of the Dungeon
  6064 | D:5      | Learned a level 4 spell: Iskenderun's Mystic Blast
  6178 | D:5      | Reached XP level 8. HP: 34/48 MP: 6/15
  6353 | D:5      | Found a staircase to the Ecumenical Temple.
  6366 | Temple   | Entered the Ecumenical Temple
  6860 | D:5      | Noticed Eustachio
  6883 | D:5      | Killed Eustachio
  6884 | D:5      | Reached skill level 8 in Conjurations
  7487 | D:6      | Noticed Sigmund
  7502 | D:6      | Killed Sigmund
  7503 | D:6      | Reached skill level 5 in Fighting
  7612 | D:6      | Reached skill level 1 in Armour
  7787 | D:6      | Reached skill level 9 in Conjurations
  7787 | D:6      | Reached XP level 9. HP: 48/54 MP: 11/16
  8544 | D:6      | Found a runed translucent door.
  8935 | D:6      | Found a blossoming altar of Fedhas.
  9211 | D:6      | Reached skill level 5 in Hexes
  9456 | D:7      | Reached skill level 1 in Translocations
  9465 | D:7      | Noticed Menkaure
  9469 | D:7      | Killed Menkaure
  9599 | D:7      | Reached skill level 10 in Conjurations
  9785 | D:7      | Identified the +1 robe of Yqunut {rPois}
  9884 | D:7      | Got Sif Muna's Omnibus of the Dead
  9901 | D:7      | Learned a level 4 spell: Cause Fear
 10433 | D:7      | Reached skill level 5 in Armour
 10791 | D:8      | Reached XP level 10. HP: 59/59 MP: 12/17
 11099 | D:8      | Noticed a two-headed ogre
 11108 | D:8      | Killed a two-headed ogre
 11109 | D:8      | Reached skill level 11 in Conjurations
 11293 | D:8      | Paralysed by an orc for 2 turns
 11325 | D:8      | Found an iron altar of Okawaru.
 12012 | D:8      | Found a staircase to the Lair.
 12307 | D:8      | Noticed a manticore
 12319 | D:8      | Killed a manticore
 12320 | D:8      | Reached skill level 5 in Translocations
 12773 | D:9      | Reached XP level 11. HP: 35/63 MP: 18/18
 13063 | D:8      | Reached skill level 5 in Dodging
 13178 | D:9      | Found a sparkling altar of Nemelex Xobeh.
 13187 | D:9      | Noticed a two-headed ogre
 13203 | D:9      | Killed a two-headed ogre
 13204 | D:9      | Reached skill level 12 in Conjurations
 13850 | D:9      | Noticed a two-headed ogre
 13967 | D:9      | Killed a two-headed ogre
 14239 | D:9      | Found a staircase to the Orcish Mines.
 14638 | D:9      | Found a radiant altar of Vehumet.
 14660 | D:9      | Became a worshipper of Vehumet
 15215 | D:9      | Found an opulent altar of Gozag.
 15429 | D:10     | Entered Level 10 of the Dungeon
 15567 | D:10     | Found a hazy altar of Hepliaklqana.
 15672 | D:10     | Found a shadowy altar of Dithmenos.
 16023 | D:10     | Found a snail-covered altar of Cheibriados.
 16375 | D:10     | Reached skill level 13 in Conjurations
 16537 | Lair:1   | Entered Level 1 of the Lair of Beasts
 16783 | Lair:1   | Reached XP level 12. HP: 53/68 MP: 7/23
 17121 | Lair:1   | Reached * piety under Vehumet
 17121 | Lair:1   | Offered knowledge of Sandblast by Vehumet.
 17153 | Lair:1   | Found a frozen archway.
 18209 | Lair:2   | Noticed Maggie
 18315 | Lair:2   | Killed Maggie
 18944 | Lair:2   | Found a staircase to the Snake Pit.
 19183 | Lair:2   | Reached skill level 14 in Conjurations
 19769 | Lair:3   | Found a staircase to the Swamp.
 19947 | Lair:3   | Reached XP level 13. HP: 67/72 MP: 23/26
 20087 | Lair:3   | Reached ** piety under Vehumet
 20090 | Lair:3   | Offered knowledge of Foxfire by Vehumet.
 21002 | Lair:4   | Reached skill level 15 in Conjurations
 21022 | Lair:4   | Reached skill level 10 in Spellcasting
 21166 | Lair:4   | Reached skill level 1 in Staves
 21301 | Lair:4   | Identified the +12 quarterstaff of the Saviour {vorpal,
                  | rN+}
 21342 | Lair:4   | Offered knowledge of Frozen Ramparts by Vehumet.
 21355 | Lair:4   | Reached skill level 10 in Hexes
 21679 | Lair:4   | Reached skill level 1 in Evocations
 21758 | Lair:4   | Reached *** piety under Vehumet
 21835 | Lair:4   | Offered knowledge of Hailstorm by Vehumet.
 22690 | Lair:4   | Found a staircase to the Slime Pits.
 22700 | Lair:4   | Gained mutation: Your large and strong wings let you fly.
                  | [Gargoyle growth]
 22700 | Lair:4   | Reached XP level 14. HP: 78/78 MP: 17/28
 23187 | Lair:5   | Entered Level 5 of the Lair of Beasts
 23215 | Lair:5   | Reached skill level 5 in Staves
 23215 | Lair:5   | Reached skill level 16 in Conjurations
 23761 | Lair:5   | Noticed Kirke
 24089 | Lair:5   | Reached **** piety under Vehumet
 24090 | Lair:5   | Killed Kirke
 24272 | Lair:5   | Reached skill level 5 in Evocations
 24347 | Lair:5   | Offered knowledge of Lightning Bolt by Vehumet.
 24354 | Lair:5   | Learned a level 5 spell: Lightning Bolt
 24503 | Lair:5   | Reached skill level 1 in Air Magic
 25310 | Lair:5   | Identified the +5 trident of Nanisost {freeze, Will+ Dex+2}
 25630 | Orc:1    | Entered Level 1 of the Orcish Mines
 25841 | Orc:2    | Entered Level 2 of the Orcish Mines
 25919 | Orc:2    | Reached ***** piety under Vehumet
 26096 | Orc:1    | Offered knowledge of Ozocubu's Refrigeration by Vehumet.
 26485 | Orc:2    | Found a staircase to the Elven Halls.
 26776 | Orc:2    | Noticed an orc warlord
 26787 | Orc:2    | Killed an orc warlord
 26788 | Orc:2    | Reached skill level 17 in Conjurations
 26788 | Orc:2    | Reached XP level 15. HP: 85/85 MP: 20/29
 27487 | Orc:2    | Found Issotoun's CLEARANCE SALE!.
 27545 | Orc:2    | Bought a scroll of identify for 6 gold pieces
 27545 | Orc:2    | Bought a wand of iceblast (3) for 21 gold pieces
 27657 | Orc:2    | Found Qivey's Book Shoppe.
 27665 | Orc:2    | Bought Sif Muna's Monograph on Peregrination for 480 gold
                  | pieces
 27665 | Orc:2    | Bought a book of Dangerous Friends for 600 gold pieces
 27677 | Orc:2    | Found Kiher's Armour Shoppe.
 27681 | Orc:2    | Learned a level 2 spell: Blink
 27689 | Orc:2    | Learned a level 7 spell: Orb of Destruction
 27690 | Orc:2    | Found Aduqaoju's Jewellery Shoppe.
 27716 | Orc:2    | Found Bounk's Assorted Antiques.
 27722 | Orc:2    | Bought a scroll of poison for 140 gold pieces
 27722 | Orc:2    | Bought a scroll labelled ERPHUA UHUVO for 35 gold pieces
 27934 | D:11     | Noticed Erolcha
 28010 | D:11     | Killed Erolcha
 28627 | D:11     | Noticed Sonja
 28629 | D:11     | Killed Sonja
 29460 | D:12     | Noticed Frances
 30067 | D:12     | Killed Frances
 30271 | D:12     | Identified the +6 hand axe of Fragile Peace {elec, rPois
                  | Int+6}
 30381 | D:12     | You are sucked into a shaft and drop 3 floors!
 30381 | D:15     | Entered Level 15 of the Dungeon
 30574 | D:14     | Noticed Louise
 30581 | D:14     | Killed Louise
 31462 | D:14     | Found Tekeusei's Book Shoppe.
 31786 | D:13     | Reached skill level 18 in Conjurations
 32145 | D:13     | Noticed a sphinx
 32149 | D:13     | Killed a sphinx
 32150 | D:13     | Reached XP level 16. HP: 97/97 MP: 16/30
 32327 | D:13     | Reached skill level 10 in Staves
 32463 | D:13     | Reached skill level 10 in Fighting
 32799 | D:13     | Found a gate to the Vaults.
 34433 | D:15     | Identified the +4 pair of boots "Wirimeff" {rPois rF+}
 34704 | D:15     | Found a staircase to the Depths.
 34929 | D:15     | Found a glowing silver altar of Zin.
 35200 | Swamp:1  | Entered Level 1 of the Swamp
 35213 | Swamp:1  | Noticed Jorgrun
 35316 | Swamp:1  | Killed Jorgrun
 35396 | Swamp:1  | Noticed Aizul
 35466 | Swamp:1  | Reached skill level 19 in Conjurations
 35471 | Swamp:1  | Killed Aizul
 35471 | Swamp:1  | Noticed Nikola
 35575 | Swamp:1  | Killed Nikola
 35575 | Swamp:1  | Noticed a thorn hunter
 35680 | Swamp:1  | Killed a thorn hunter
 36170 | Swamp:1  | Identified the +9 shortbow of the Spheres {speed, Fly}
 36243 | Swamp:1  | You are sucked into a shaft and drop 1 floor!
 36247 | Swamp:2  | Offered knowledge of Irradiate by Vehumet.
 36470 | Swamp:2  | Noticed a thorn hunter
 36481 | Swamp:2  | Reached XP level 17. HP: 80/103 MP: 23/32
 38563 | Swamp:4  | Entered Level 4 of the Swamp
 39526 | Swamp:4  | Reached skill level 20 in Conjurations
 40565 | Swamp:4  | Identified a scroll of acquirement
 40566 | Swamp:4  | Acquired 450 gold pieces
 41058 | Swamp:4  | Got a decaying rune of Zot
 41224 | Snake:1  | Entered Level 1 of the Snake Pit
 41234 | Snake:1  | Reached ****** piety under Vehumet
 41716 | Snake:1  | Offered knowledge of Arcjolt by Vehumet.
 42347 | Snake:1  | Reached XP level 18. HP: 108/108 MP: 2/34
 42953 | Snake:1  | Identified the ring of Efeidun {rF+ rC+ Will+ Dex+3 Stlth+}
 43908 | Snake:2  | Reached skill level 10 in Armour
 44251 | Snake:2  | Reached skill level 1 in Shields
 44607 | Snake:3  | Offered knowledge of Freezing Cloud by Vehumet.
 44608 | Snake:3  | Reached skill level 21 in Conjurations
 45120 | Snake:3  | Noticed Mlioglotl
 45124 | Snake:3  | Noticed a dread lich
 45137 | Snake:3  | Killed Mlioglotl
 45430 | Snake:3  | Found Lodduimo's Book Shoppe.
 45540 | Snake:3  | Found Gaogg's Jewellery Boutique.
 45541 | Snake:3  | Found Gieqepta's Book Shoppe.
 45551 | Snake:3  | Bought a book of Annihilations for 1080 gold pieces
 46248 | Snake:4  | Entered Level 4 of the Snake Pit
 46267 | Snake:4  | Learned a level 9 spell: Chain Lightning
 46280 | Snake:4  | Learned a level 9 spell: Chain Lightning
 46286 | Snake:4  | Learned a level 5 spell: Iskenderun's Battlesphere
 46484 | Snake:4  | Reached skill level 5 in Shields
 46568 | Snake:4  | Noticed Agnes
 46579 | Snake:4  | Killed Agnes
 46580 | Snake:4  | Reached skill level 5 in Air Magic
 46696 | Snake:4  | Offered knowledge of Starburst by Vehumet.
 46697 | Snake:4  | Reached XP level 19. HP: 113/113 MP: 28/36
 47020 | Snake:4  | Found Zicvigont's Book Shoppe.
 47023 | Snake:4  | Found Canelyrph's Weapon Emporium.
 47023 | Snake:4  | Found Tuag's General Store.
 47028 | Snake:4  | Found Sikinoy's Assorted Antiques.
 47034 | Snake:4  | Bought a potion of heal wounds for 115 gold pieces
 48791 | Snake:4  | Got a serpentine rune of Zot
 49509 | D:13     | Paralysed by a sphinx for 5 turns
 49611 | Vaults:1 | Entered Level 1 of the Vaults
 49793 | Vaults:1 | Offered knowledge of Eringya's Noxious Bog by Vehumet.
 49970 | Vaults:1 | Reached skill level 15 in Spellcasting
 50489 | Vaults:1 | Reached XP level 20. HP: 49/119 MP: 20/39
 51219 | Vaults:1 | Found a portal to a secret trove of treasure.
 51240 | Vaults:1 | Offered knowledge of Lehudib's Crystal Spear by Vehumet.
 51785 | Vaults:2 | Reached skill level 10 in Shields
 52523 | Vaults:2 | Found the +8 storm bow {elec, penet}
 52527 | Vaults:2 | Identified the +0 pair of gloves of Kikubaaqudgha's Favour
                  | {rF+++}
 52676 | Vaults:2 | Offered knowledge of Polar Vortex by Vehumet.
 52676 | Vaults:2 | Offered knowledge of Ignition by Vehumet.
 52676 | Vaults:2 | Offered knowledge of Maxwell's Capacitive Coupling by
                  | Vehumet.
 52766 | Vaults:2 | Reached skill level 22 in Conjurations
 54311 | Vaults:3 | Reached XP level 21. HP: 112/123 MP: 38/40
 54474 | Vaults:3 | Reached skill level 10 in Air Magic
 54668 | Vaults:3 | Found a staircase to the Crypt.
 54881 | Vaults:3 | Identified the +11 arbalest of the Fox {venom, rN++ Dex-3}
 55281 | Vaults:4 | Paralysed by a sphinx for 2 turns
 56768 | Depths:1 | Entered Level 1 of the Depths
 56768 | Depths:1 | Found Imanyi's Book Shop.
 57584 | Depths:1 | Found a gateway to Hell.
 57591 | Depths:1 | Reached skill level 23 in Conjurations
 57625 | Depths:1 | Reached skill level 10 in Dodging
 57801 | Depths:1 | Noticed Bai Suzhen
 57813 | Depths:1 | Killed Bai Suzhen
 58446 | Depths:2 | Reached XP level 22. HP: 128/128 MP: 36/41
 58764 | Depths:2 | Noticed Grunn
 60248 | Depths:2 | Killed Grunn
 60812 | Depths:2 | Found a runed translucent door.
 60846 | Depths:2 | Identified the +5 dire flail of Trial by Ordeal {vorpal,
                  | *Slow Str+3 Int+2}
 61099 | Depths:2 | Found a one-way gate leading to the halls of Pandemonium.
 61584 | Depths:2 | Reached skill level 24 in Conjurations
 61788 | Depths:3 | Noticed Mara
 61795 | Depths:3 | Noticed greasedhog's illusion
 62130 | Depths:3 | Noticed greasedhog's illusion
 62131 | Depths:3 | Killed Mara
 62990 | Depths:3 | Identified the ring "Nonuk" {rN+ Str+3 Dex+3}
 63279 | Depths:3 | Noticed a caustic shrike
 63284 | Depths:3 | Killed a caustic shrike
 63285 | Depths:3 | Reached XP level 23. HP: 140/140 MP: 14/42
 63917 | Depths:3 | Found a one-way gate to the infinite horrors of the Abyss.
 64184 | Depths:3 | Noticed a juggernaut
 64325 | Depths:3 | Noticed a golden dragon
 64457 | Depths:3 | Killed a golden dragon
 64778 | Depths:3 | Killed a juggernaut
 65566 | Depths:3 | Found a one-way gateway to a ziggurat.
 66254 | Depths:4 | Entered Level 4 of the Depths
 67108 | Depths:4 | Noticed Parghit
 67595 | Depths:2 | Paralysed by a floating eye for 2 turns
 68425 | Depths:4 | Found a transporter.
 68443 | Depths:4 | Noticed Ryaff's ghost (adept FeVM)
 68470 | Depths:4 | Noticed the Enchantress
 68699 | Depths:4 | Reached skill level 25 in Conjurations
 68699 | Depths:4 | Killed the Enchantress
 68700 | Depths:4 | Reached skill level 15 in Fighting
 69015 | Depths:3 | Acquired the +2 cloak of Makhleb's Condemnation {rC+}
 69037 | Depths:4 | Killed Parghit
 69179 | Depths:4 | Noticed a dread lich
 69184 | Depths:4 | Found a transporter.
 69652 | Depths:4 | Reached XP level 24. HP: 104/151 MP: 8/42
 69812 | Depths:4 | Paralysed by a floating eye for 3 turns
 70015 | Depths:4 | Found a gate to the Realm of Zot.
 70674 | Vaults:5 | Entered Level 5 of the Vaults
 70981 | Vaults:5 | Noticed Xtahua
 70985 | Vaults:5 | Noticed a dread lich
 71228 | Vaults:5 | Paralysed by a dread lich for 2 turns
 71230 | Vaults:5 | Killed Xtahua
 71233 | Vaults:5 | Killed a dread lich
 71404 | Vaults:5 | Reached skill level 15 in Air Magic
 72480 | Vaults:4 | Reached skill level 26 in Conjurations
 73224 | Vaults:5 | Got a silver rune of Zot
 73416 | Vaults:5 | Got the Commentary on Hiemal Blasting
 73580 | Vaults:5 | Identified the amulet of Eternal Night {RegenMP Dex+2}
 73764 | Vaults:5 | Identified the +0 chain mail of Least Resistance {Will+++
                  | Int+6 Slay-4}
 74516 | Zot:1    | Entered Level 1 of the Realm of Zot
 75559 | Zot:1    | Noticed an orb of fire
 75565 | Zot:1    | Gained mutation: You do not regenerate when monsters are
                  | visible. [an orb of fire]
 75566 | Zot:1    | Killed an orb of fire
 75567 | Zot:1    | Reached XP level 25. HP: 152/156 MP: 28/42
 75567 | Zot:1    | Lost mutation: You do not regenerate when monsters are
                  | visible. [potion of mutation]
 75567 | Zot:1    | Gained mutation: Your body sometimes deteriorates upon
                  | taking damage. [potion of mutation]
 75567 | Zot:1    | Gained mutation: You are robust. (+10% HP) [potion of
                  | mutation]
 79838 | Zot:2    | Reached skill level 27 in Conjurations
 80418 | Zot:3    | Reached skill level 15 in Armour
 81270 | Zot:3    | Noticed an orb of fire
 81275 | Zot:3    | Gained mutation: Armour fits poorly on your strangely
                  | shaped body. [an orb of fire]
 81276 | Zot:3    | Reached XP level 26. HP: 121/179 MP: 42/42
 81276 | Zot:3    | Killed an orb of fire
 81838 | Zot:3    | Noticed an orb of fire
 81840 | Zot:3    | Gained mutation: Your magical capacity is low. (-10% MP)
                  | [an orb of fire]
 81846 | Zot:3    | Killed an orb of fire
 81900 | Zot:3    | Lost mutation: Armour fits poorly on your strangely shaped
                  | body. [potion of mutation]
 81900 | Zot:3    | Lost mutation: Your magical capacity is low. (-10% MP)
                  | [potion of mutation]
 81900 | Zot:3    | Gained mutation: Armour fits poorly on your strangely
                  | shaped body. [potion of mutation]
 81900 | Zot:3    | Gained mutation: You possess an exceptional clarity of
                  | mind. [potion of mutation]
 81901 | Zot:3    | Lost mutation: Armour fits poorly on your strangely shaped
                  | body. [potion of mutation]
 81901 | Zot:3    | Lost mutation: You possess an exceptional clarity of mind.
                  | [potion of mutation]
 81901 | Zot:3    | Gained mutation: You are weak. (Str -2) [potion of
                  | mutation]
 81901 | Zot:3    | Lost mutation: You are weak. (Str -2) [potion of mutation]
 81901 | Zot:3    | Gained mutation: You have large cloven feet. [potion of
                  | mutation]
 83851 | Zot:5    | Entered Level 5 of the Realm of Zot
 83992 | Zot:5    | Learned a level 3 spell: Swiftness
 85221 | Zot:5    | Noticed an orb of fire
 85224 | Zot:5    | Gained mutation: You are vulnerable to cold. (rC-) [an orb
                  | of fire]
 85225 | Zot:5    | Gained mutation: Your magical capacity is low. (-10% MP)
                  | [an orb of fire]
 85230 | Zot:5    | Gained mutation: You are clumsy. (Dex -2) [an orb of fire]
 85231 | Zot:5    | Killed an orb of fire
 85271 | Zot:5    | Noticed a Killer Klown
 85272 | Zot:5    | Noticed an orb of fire
 85295 | Zot:5    | Killed a Killer Klown
 85312 | Zot:5    | Noticed an ancient lich
 85346 | Zot:5    | Noticed an ancient lich
 85347 | Zot:5    | Noticed an orb of fire
 85350 | Zot:5    | Noticed an ancient lich
 85352 | Zot:5    | Noticed a dread lich
 85354 | Zot:5    | Noticed a Killer Klown
 85356 | Zot:5    | Got the Orb of Zot
 85356 | Zot:5    | Noticed an orb of fire
 85404 | Zot:5    | Killed from afar by an ancient lich

Illustrated notes

Levels and vault maps discovered:
D:1:      kb_arrival_jail, layout_loops_ring
D:2:      layout_basic, basic_altar, uniq_robin
D:3:      layout_loops_corners, shapermc_ecumenical_altar_mp_highgroup,
          uniq_ijyb
D:4:      minmay_bubble_buster, layout_basic, nicolae_overflow_crystal_walls,
          serial_shops, nicolae_take_the_stairs, cheibrodos_sewer_entry_drain,
          minmay_checkerbox
D:5:      wander_river, layout_loops_corners, minmay_temple_entry_proselytizer,
          minmay_strange_pillars, uniq_eustachio
D:6:      layout_layer_cave, fedhas_altar_fruit_tree, lightli_church_of_beogh,
          uniq_sigmund
D:7:      layout_cave_pods, uniq_menkaure
D:8:      cheibrodos_two_vegetables, layout_basic,
          mainiacjoe_overflow_surrounded_room, erik_lair_orcish_takeover
D:9:      layout_small_grid, lemuel_round_altar,
          mainiacjoe_overflow_cross_hatched, vehumet_crystals,
          david_orc_1_choice
D:10:     layout_irregular_city, nicolae_dithmenos_shadow_blocks,
          general_overflow_altar, worldfamousw_hep_ancestral_shrine
D:11:     kennysheep_spiral_hall, layout_loops_ring, uniq_sonja, uniq_erolcha
D:12:     layout_basic, minivault_8, uniq_frances
D:13:     minmay_textured_paths, layout_basic, lightli_vaults_fourway_checkpoint
D:14:     layout_small_grid, chequers_mini_garden, serial_shops,
          kennysheep_little_box, uniq_louise
D:15:     hangedman_depths_entry_try_elsewhere_first, layout_loops_ring,
          serial_park_gazebo [serial_park_minivault_5x5_3], minivault_24,
          zin_statuary
Temple:   nicolae_temple_ecumenical_triangle
Lair:1:   layout_cave_pods, portal_ice_cave_entry_pillars_2,
          infiniplex_staircase_pool_2, grunt_megastairs_1
Lair:2:   minmay_lair_oklob_tunnel, layout_misc_corridors,
          minmay_snake_entry_spellcaster, uniq_maggie
Lair:3:   layout_layer_cave, nicolae_swamp_entry_splash_gauntlet
Lair:4:   layout_loops_ring, minmay_slime_entry_oklob_enclosed, special_room
          [special_room_mythical_zoo], grunt_megastairs_2, serial_bayou_shore_a
Lair:5:   gammafunk_lair_ancient_temple, layout_regular_city,
          nicolae_lair_grazing_beasts [nicolae_sub_lair_graze_edge,
          nicolae_sub_lair_graze_edge, nicolae_sub_lair_graze_edge,
          nicolae_sub_lair_graze_edge], grunt_megastairs_3, lemuel_fruit_tree,
          uniq_kirke
Swamp:1:  layout_falls_marsh, evilmike_swamp_ruin_house_4, swamp_pool1,
          uniq_nikola, uniq_jorgrun, uniq_aizul
Swamp:2:  layout_falls_marsh, evilmike_swamp_ruin_rubble_2
Swamp:3:  layout_basic_swamp, hangedman_swamp_cone
Swamp:4:  swamp, layout_basic_swamp, swamp_pool1, nicolae_swamp_well_well_well
Snake:1:  layout_layer_cave, nicolae_snake_boneroom
Snake:2:  layout_gridlike
Snake:3:  layout_layer_cave, grunt_ministairs_7, nicolae_snake_slithery_corners,
          st_stairs_1, minmay_shop_grove, uniq_mlioglotl
Snake:4:  johnstein_snake_rune_scales, layout_layer_cave, minmay_shoptagon,
          uniq_agnes
Orc:1:    layout_diamond_mine
Orc:2:    hellmonk_orc_salted, layout_caves, nicolae_shop_clearance
Vaults:1: vaults_dpeg_encased_lava, hangedman_vaults_restitches,
          nicolae_vaults_network_barrier, v_misc_30, hangedman_vaults_pinch,
          vaults_room_door_hall, serial_ice_h, dpeg_vaults_monster_box,
          nicolae_vaults_little_ls, v_misc_23, layout_vaults_omnibox,
          enter_trove_0
Vaults:2: nicolae_vaults_diagonal_hallway_6, vaults_room_pool, v_misc_1,
          vaults_room_hallway, nicolae_vaults_network_square,
          vaults_dpeg_diagonal, vaults_dpeg_hooks, nicolae_vaults_minivaults,
          vaults_mumra_hexcomb, v_pattern_5, nicolae_vaults_mini_display_case,
          vaults_mumra_minichess, vaults_room_pools, vaults_dpeg_cross,
          layout_vaults_ring
Vaults:3: v_misc_27, v_misc_28, nicolae_vaults_yaktaur_gun_rack,
          nicolae_vaults_little_squares_1, v_alt_pattern_6,
          minmay_crypt_entry_simple_box, nicolae_vaults_specimen_jars,
          v_misc_23, grunt_vaults_bifocal, v_misc_11, st_cells,
          layout_vaults_omnigrid
Vaults:4: v_misc_27, vaults_room_grunt_arrival_ludios,
          nicolae_vaults_ninety_degrees, nicolae_vaults_circle_grid_a,
          dpeg_vaults_monster_row, vaults_mumra_chevron, grunt_vaults_focal,
          nicolae_vaults_circle_grid_a, layout_vaults_big_room
Vaults:5: serial_shops, uniq_xtahua
Depths:1: layout_honeycomb, serial_shops, shop, kennysheep_small_spiral,
          grunt_metal_band, minmay_mirror_moons_of_madness, grunt_megastairs_5,
          uniq_bai_suzhen
Depths:2: minmay_isolated_rectangles_in_corner, layout_cave_shapes,
          rand_demon_pan_entry_7, hangedman_geh_valley, lightli_gold_pyramid,
          uniq_grunn
Depths:3: minmay_triangles_in_corner, layout_honeycomb, enter_ziggurat_c,
          abyss_entry, hangedman_coc_ice_floe, serial_bayou_lagoon_a,
          hangedman_aviary, minmay_staircase_bubble, uniq_mara
Depths:4: grunt_zot_entry_tricorne, layout_honeycomb,
          gammafunk_ghost_abyssal_escape, hell_entry, minmay_misc_feat_chi,
          uniq_enchantress, uniq_parghit
Zot:1:    layout_twisted_circle
Zot:2:    grunt_twist_and_shout, layout_concentric_octagons
Zot:3:    grunt_deathspiral_small, layout_onion_interference
Zot:4:    layout_gridville
Zot:5:    layout_basic

Skill      XL: |  1  2  3  4  5  6  7  8  9 10 11 12 13 14 15 16 17 18 19 20 21 22 23 24 25 26 |
---------------+-------------------------------------------------------------------------------+-----
Fighting       | 1 2 3 4 5 6 9 10 13 15 16 17 | 17.3
Conjurations   | 5 6 7 9 10 11 13 14 15 17 18 19 20 21 22 23 24 25 26 27 | 27.0
Spellcasting   | 3 4 5 7 9 10 11 12 13 15 16 | 16.5
Hexes          | 2 4 5 7 8 10 | 10.0
Armour         | 1 5 8 10 13 15 | 15.0
Translocations | 2 5 |  5.2
Dodging        | 4 5 8 10 | 10.2
Staves         | 4 7 9 11 12 | 12.0
Evocations     | 3 5 |  5.0
Air Magic      | 3 4 5 7 9 11 13 14 15 16 17 | 17.7
Shields        | 5 9 10 | 10.0
Stealth        | |  2.1

Action                   |  1- 3 |  4- 6 |  7- 9 | 10-12 | 13-15 | 16-18 | 19-21 | 22-24 | 25-27 || total
-------------------------+-------+-------+-------+-------+-------+-------+-------+-------+-------++-------
Melee: Unarmed           |    13 |       |       |       |       |       |       |       |       ||    13
       Short sword       |    12 |    24 |       |       |       |       |       |       |       ||    36
       Dagger            |       |    42 |   204 |   180 |       |       |       |       |       ||   426
       Punch             |       |       |     3 |     4 |     5 |     3 |       |       |       ||    15
       Staff             |       |       |       |    71 |   312 |   307 |   700 |   322 |   262 ||  1974
 Cast: Magic Dart        |    55 |    93 |   159 |   201 |   178 |    50 |     7 |       |       ||   743
       Searing Ray       |     1 |     5 |    10 |    17 |    10 |     1 |       |       |       ||    44
       Dazzling Flash    |       |       |    12 |     8 |       |       |       |       |       ||    20
       Fulminant Prism   |       |       |    13 |    26 |    63 |    14 |    14 |     6 |       ||   136
       Iskenderun's Myst |       |       |       |    61 |   144 |   196 |   234 |   269 |    95 ||   999
       Cause Fear        |       |       |       |     2 |     1 |       |       |       |       ||     3
       Lightning Bolt    |       |       |       |       |    62 |   201 |   147 |   312 |   186 ||   908
       Orb of Destructio |       |       |       |       |    49 |    66 |    27 |    58 |    81 ||   281
       Iskenderun's Batt |       |       |       |       |       |     1 |       |       |       ||     1
       Blink             |       |       |       |       |       |       |       |     1 |     3 ||     4
       Chain Lightning   |       |       |       |       |       |       |       |    25 |    32 ||    57
       Swiftness         |       |       |       |       |       |       |       |       |     1 ||     1
Evoke: Wand              |       |     1 |       |       |       |       |       |     1 |     2 ||     4
       Condenser vane    |       |       |       |       |       |       |       |     2 |       ||     2
       Phial of floods   |       |       |       |       |       |       |       |     1 |       ||     1
  Use: Scroll            |     3 |     3 |     8 |     4 |     9 |     8 |     4 |     7 |    10 ||    56
       Potion            |       |     3 |       |     3 |       |     5 |     2 |    15 |    13 ||    41
 Stab: Sleeping          |       |     1 |       |       |       |       |     1 |       |       ||     2
       Invisible         |       |       |     2 |     4 |       |       |       |       |       ||     6
       Petrified         |       |       |       |       |     2 |       |       |       |       ||     2
       Distracted        |       |       |       |       |       |       |       |     1 |       ||     1
Armor: Robe              |    14 |    55 |     2 |       |    32 |   364 |   234 |       |       ||   701
       Leather armour    |       |       |   148 |   156 |   247 |       |       |       |       ||   551
       Troll leather arm |       |       |       |       |       |       |   214 |   277 |       ||   491
       Acid dragon scale |       |       |       |       |       |       |       |   151 |   319 ||   470
Dodge: Dodged            |    27 |    48 |   184 |   250 |   316 |   313 |   385 |   315 |   208 ||  2046
Block: Buckler           |       |       |       |       |       |    86 |   182 |   295 |   157 ||   720
       Reflection        |       |       |       |       |       |       |       |    20 |       ||    20

Table legend: (Time is in decaauts)
 A = Elapsed time spent in this place.
 B = Non-inter-level travel time spent in this place.
 C = Inter-level travel time spent in this place.
 D = Time resting spent in this place.
 E = Time spent auto-exploring this place.
 F = Levels seen in this place.
 G = Mean time per level.
                   A        B        C        D        E       F      G
               +--------+--------+--------+--------+--------+-----+--------+
         Total |  85178 |  81328 |   3850 |  36029 |  32939 |  46 | 1851.7 |
       Dungeon |  24575 |  23064 |   1511 |   8236 |  11847 |  15 | 1638.3 |
        Temple |     58 |     51 |      7 |      0 |     46 |   1 |   58.0 |
          Lair |   9617 |   9018 |    599 |   2987 |   4642 |   5 | 1923.4 |
         Swamp |   5543 |   5396 |    147 |   3151 |   1582 |   4 | 1385.8 |
     Snake Pit |   7934 |   7669 |    265 |   3184 |   3451 |   4 | 1983.5 |
  Orcish Mines |   2220 |   2140 |     80 |    997 |    785 |   2 | 1110.0 |
        Vaults |  10663 |   9937 |    726 |   4437 |   3869 |   5 | 2132.6 |
        Depths |  13667 |  13267 |    400 |   7600 |   3665 |   4 | 3416.8 |
           Zot |  10126 |  10015 |    111 |   5277 |   2575 |   5 | 2025.2 |
         Sewer |    769 |    769 |      0 |    159 |    477 |   1 |  769.0 |
               +--------+--------+--------+--------+--------+-----+--------+

Top non-repeatable levels by time:
Depths:3: 4606 daAuts
Vaults:4: 3549 daAuts
Depths:2: 3482 daAuts
   Zot:1: 3203 daAuts
     D:8: 3175 daAuts
Depths:1: 3130 daAuts
  Lair:4: 2975 daAuts
 Snake:4: 2713 daAuts
  Lair:3: 2527 daAuts
 Swamp:3: 2496 daAuts
Depths:4: 2448 daAuts
 Snake:1: 2262 daAuts
Vaults:2: 2190 daAuts
    D:15: 2144 daAuts
   Zot:2: 2129 daAuts
